 Dungeon Crawl Stone Soup version 0.24.0 (webtiles) character file.

Game seed: 13305750154223134665, levelgen mode: deterministic

466 Buxparty the Skirmisher (level 6, -3/48 HPs)
             Began as a Mummy Gladiator on Jan 26, 2020.
             Slain by a slave (6 damage)
             ... led by Pikel
             ... on level 4 of the Dungeon.
             The game lasted 00:07:28 (2859 turns).

Buxparty the Skirmisher (Mummy Gladiator)           Turns: 2859, Time: 00:07:29

Health: -3/48      AC: 10    Str: 19    XL:     6   Next: 81%
Magic:  6/6        EV: 13    Int:  7    God:
Gold:   137        SH:  0    Dex: 14    Spells: 5/5 levels left

rFire    x . .     SeeInvis .   a - +0 trident
rCold    + . .     Gourm    .   (no shield)
rNeg     + + +     Faith    .   s - +1 leather armour {rN+}
rPois    ∞         Spirit   .   c - +0 helmet
rElec    .         Reflect  .   (no cloak)
rCorr    .         Harm     .   (no gloves)
MR       .....                  (no boots)
Stlth    +.........             (no amulet)
HPRegen  0.16/turn              k - ring of flight
MPRegen  0.10/turn              u - +5 ring of protection

@: no status effects
A: no food or potions, fire vulnerability, cold resistance 1, negative energy
resistance 3, torment resistance, unbreathing
a: Evoke Flight


You were on level 4 of the Dungeon.
You were not hungry.

You visited 1 branch of the dungeon, and saw 5 of its levels.

You collected 137 gold pieces.

Inventory:

Hand Weapons
 a - a +0 trident (weapon)
 o - a +0 hunting sling
Missiles
 d - 3 throwing nets (quivered)
 i - 7 curare-tipped darts
 p - 90 sling bullets
 r - 6 poisoned darts
Armour
 b - a +0 leather armour
 c - a +0 helmet (worn)
 s - a +1 leather armour of positive energy (worn)
 t - a +0 plate armour
Jewellery
 k - a ring of flight (left hand)
 u - a +5 ring of protection (right hand)
Wands
 q - a wand of iceblast (5)
Scrolls
 e - a scroll of fog {unknown}
 f - 2 scrolls of enchant weapon {unknown}
 g - 2 scrolls of noise {unknown}
 h - 12 scrolls of identify {unknown}
 j - a scroll of random uselessness {unknown}
 l - 3 scrolls of teleportation {unknown}
 m - 3 scrolls of remove curse {unknown}
 n - a scroll of enchant armour {unknown}
 v - a scroll of amnesia {unknown}


   Skills:
 + Level 4.0 Fighting
 + Level 3.8 Polearms
 + Level 3.2 Throwing
 + Level 0.6 Armour
 - Level 3.7 Dodging


You had 5 spell levels left.
You didn't know any spells.
Your spell library was empty.

Dungeon Overview and Level Annotations

Branches:
Dungeon (5/15)
 Temple: D:4-7

Altars:
Fedhas
Gozag
Kikubaaqudgha
Okawaru
Xom
The Shining One

Annotations:
D:4 Dowan, Duvessa, Pikel


Innate Abilities, Weirdness & Mutations

You do not eat or drink.
Your flesh is vulnerable to fire.
You are immune to poison.
Your flesh is cold resistant. (rC+)
You are immune to negative energy. (rN+++)
You are immune to unholy pain and torment.
You can survive without breathing.


Message History

Pikel burns you.
* * * LOW HITPOINT WARNING * * *
You hit Pikel.
Pikel is severely wounded.
The slave closely misses you. The slave misses you.
Pikel hits you but does no damage.
Unknown command.
You hit Pikel but do no damage.
Pikel is severely wounded.
The slave barely misses you. The slave completely misses you.
Pikel hits you but does no damage.
You closely miss Pikel.
Pikel is severely wounded.
The slave hits you but does no damage. The slave closely misses you.
Pikel says, "Slavery isn't that bad."
Pikel misses you.
You barely miss Pikel.
Pikel is severely wounded.
The slave hits you.
You die...

#.....## ## ##......######## .###
.K +.......#......# ..... ..
#.............# .... ...
#.............# ...# ...
#.....##......##...#
...##.....##....p......##
....#......'...K@......%#
....#.....##...p..##....#.....
....'.....#######+# ####....
#####.............##...##...#
#..........$...#....+...# #
.................+...##...# ..
...................#...##...##...
...##.....##......##...##........
...##.....####'#####...##<..†....


You could see Pikel and 2 slaves.

Vanquished Creatures
  Grinder (D:3)
  A slave (D:3)
  A crimson imp (D:3)
  A hound (D:4)
  Crazy Yiuf (D:3)
  Ijyb (D:2)
  A howler monkey skeleton (D:4)
  3 adders
  2 oozes
  2 worms (D:2)
  A dart slug (D:1)
  3 leopard geckos
  7 orcs
  17 bats
  2 bat zombies (D:3)
  8 giant cockroaches
  7 goblins
  6 hobgoblins
  4 jackals (D:2)
  5 frilled lizards
  11 kobolds
  4 rats
  3 rat zombies (D:3)
92 creatures vanquished.

Vanquished Creatures (others)
  An adder (D:2)
1 creature vanquished.

Grand Total: 93 creatures vanquished

Notes
Turn   | Place    | Note
-------+----------+-------------------------------------------
     0 | D:1      | Buxparty the Mummy Gladiator began the quest for the Orb.
     0 | D:1      | Reached XP level 1. HP: 16/16 MP: 1/1
   102 | D:1      | Reached XP level 2. HP: 18/22 MP: 2/2
   622 | D:2      | Reached XP level 3. HP: 27/28 MP: 3/3
  1072 | D:2      | Reached XP level 4. HP: 32/34 MP: 4/4
  1073 | D:2      | Found a blossoming altar of Fedhas.
  1264 | D:2      | Found a glowing golden altar of the Shining One.
  1543 | D:3      | Noticed Ijyb
  1578 | D:2      | Killed Ijyb
  1578 | D:2      | Reached skill level 3 in Fighting
  1670 | D:3      | Reached XP level 5. HP: 25/41 MP: 5/5
  1794 | D:3      | Found an iron altar of Okawaru.
  1951 | D:3      | Noticed Grinder
  1971 | D:3      | Paralysed by Grinder for 4 turns
  1983 | D:3      | Paralysed by Grinder for 5 turns
  1988 | D:3      | Killed Grinder
  1988 | D:3      | Reached XP level 6. HP: 28/48 MP: 6/6
  2139 | D:3      | Found an ancient bone altar of Kikubaaqudgha.
  2168 | D:3      | Found a shimmering altar of Xom.
  2217 | D:3      | Found a runed translucent door.
  2218 | D:3      | Noticed Crazy Yiuf
  2228 | D:3      | Killed Crazy Yiuf
  2395 | D:4      | Found an opulent altar of Gozag.
  2399 | D:4      | Noticed a slave
  2401 | D:4      | Noticed a slave
  2401 | D:4      | Noticed a slave
  2402 | D:4      | Noticed Pikel
  2416 | D:5      | Entered Level 5 of the Dungeon
  2447 | D:3      | Killed a slave
  2464 | D:4      | Reached skill level 4 in Fighting
  2575 | D:4      | Noticed Duvessa
  2575 | D:4      | Noticed Dowan
  2855 | D:4      | HP: 2/48 [Pikel/+2 whip of flaming (1)]
  2859 | D:4      | Slain by a slave

Levels and vault maps discovered:
D:1:      nicolae_arrival_somewhat_less_tricky_arrival, layout_rooms
D:2:      layout_basic, lemuel_doored_altar, lemuel_coloured_pillars_altar,
          first_ration
D:3:      layout_rooms, okawaru_ov_weapons_minmay,
          lemuel_zombie_altar_kikubaaqudgha, overflow_temple_1_default,
          uniq_grinder, uniq_crazy_yiuf_cottage, uniq_ijyb
D:4:      layout_gridville, nicolae_gozag_zags_fifth_avenue, uniq_duvessa,
          uniq_pikel, uniq_natasha
D:5:      layout_loops_ring, old_standard_altar, serial_park_tiny_2,
          nicolae_tso_carved_into_rock
